 Dungeon Crawl Stone Soup version 0.19.1 (webtiles) character file.

47 stebl the Insei (level 3, 0/26 HPs)
             Began as a Merfolk Transmuter on Dec 2, 2016.
             Succumbed to an adder's poison
             ... on level 2 of the Dungeon.
             The game lasted 00:07:28 (1559 turns).

stebl the Insei (Merfolk Transmuter)                Turns: 1559, Time: 00:07:28

Health: 0/26       AC:  2    Str: 10    XL:     3   Next: 70%
Magic:  1/6        EV: 13    Int: 12    God:
Gold:   52         SH:  0    Dex: 15    Spells: 3 memorised, 0 levels left

rFire  . . .     SeeInvis .       - Unarmed
rCold  . . .     Gourm    .     b - +0 robe
rNeg   . . .     Faith    .     (no shield)
rPois  .         Spirit   .     (no helmet)
rElec  .         Reflect  .     (no cloak)
rCorr  .         Harm     .     (no gloves)
MR     .....                    (no boots)
Stlth  ..........               (no amulet)
                                (no ring)
                                j - ring of loudness (curse)

@: lethally poisoned (0 -> -4), very slightly contaminated
A: change form in water, swift swim, stealthy swim
a: no special abilities


You were on level 2 of the Dungeon.
You were not hungry.

You visited 1 branch of the dungeon, and saw 2 of its levels.

You collected 52 gold pieces.

Inventory:

Missiles
 a - 41 arrows
 i - 54 stones (quivered)
Armour
 b - a +0 robe (worn)
Jewellery
 j - a cursed ring of loudness (left hand)
 m - an uncursed amulet of the gourmand {unknown}
Wands
 f - a wand of flame (14/48)
Scrolls
 e - a scroll of teleportation
Books
 c - a book of Changes

   Spells                             Type                      Level
   a - Beastly Appendage              Transmutation                1
   b - Sticks to Snakes               Transmutation                2
   c - Spider Form                    Transmutation/Poison         3
   d - Ice Form                       Ice/Transmutation            4
   e - Blade Hands                    Transmutation                5
Comestibles
 d - 2 bread rations
 g - 4 fruits
 k - a meat ration
 l - a beef jerky
 n - 4 chunks of flesh


   Skills:
 - Level 1.1 Fighting
 - Level 2.6 Dodging
 + Level 4.9 Unarmed Combat
 - Level 2.0 Spellcasting
 + Level 2.9 Transmutations


You couldn't memorise any spells.
You knew the following spells:

 Your Spells              Type           Power        Failure   Level  Hunger
a - Beastly Appendage     Tmut           #.....       12%         1    ##.....
b - Sticks to Snakes      Tmut           #.......     14%         2    ###....
c - Spider Form           Tmut/Pois      #.........   56%         3    ####...


Dungeon Overview and Level Annotations

Branches:
Dungeon (2/15)

Altars:


Message History

Confirm with . or Enter, or press ? or * to list all spells.
You miscast Spider Form.
You are very lightly contaminated with residual magic.
Your hands glow brilliant mauve for a moment.
Casting: Spider Form
Confirm with . or Enter, or press ? or * to list all spells.
You miscast Spider Form.
You feel a strange surge of energy!
* * * LOW HITPOINT WARNING * * *
You feel sick.
Casting: Spider Form
Confirm with . or Enter, or press ? or * to list all spells.
You don't have enough magic to cast that spell.
* * * LOW HITPOINT WARNING * * *
You feel sick.
Your adder withers and dies!
* * * LOW HITPOINT WARNING * * *
You feel sick.
* * * LOW HITPOINT WARNING * * *
You feel sick.
You die...

#)# #)#....# . #.#
#####....# #.#
#........#). #.#
#.##.>....... #.#
#.#######. #.# #.#
#.# #†# #.# # #.#
#.# #. #@# #.#
#.#.#.## #.#
..###.#####.
#.########.#........
#.............###
###########.#.#
#####.#.# #...#.#.#
#.....#.#######


There were no monsters in sight!

Vanquished Creatures
  A worm (D:2)
  A dart slug (D:1)
  A leopard gecko (D:1)
  2 giant cockroaches (D:1)
  5 goblins
  6 hobgoblins
  4 jackals (D:1)
  3 bats
  3 frilled lizards
  3 kobolds
  4 rats (D:1)
33 creatures vanquished.

Vanquished Creatures (collateral kills)
  An adder (D:2)
  A bat (D:2)
2 creatures vanquished.

Grand Total: 35 creatures vanquished

Notes
Turn   | Place    | Note
-------+----------+-------------------------------------------
     0 | D:1      | stebl the Merfolk Transmuter began the quest for the Orb.
     0 | D:1      | Reached XP level 1. HP: 15/15 MP: 3/3
   570 | D:1      | Reached XP level 2. HP: 21/21 MP: 3/5
   580 | D:1      | Learned a level 2 spell: Sticks to Snakes
   637 | D:1      | Reached skill level 4 in Unarmed Combat
  1082 | D:1      | Reached XP level 3. HP: 24/26 MP: 4/6
  1090 | D:1      | Learned a level 3 spell: Spider Form
  1555 | D:2      | HP: 1/26 [poisoned by an adder]
  1559 | D:2      | Succumbed to an adder's poison

Skill      XL: |  1  2 |
---------------+-------+-----
Unarmed Combat | 4 |  4.9
Fighting       | |  1.1
Dodging        | |  2.6
Spellcasting   | |  2.0
Transmutations | |  2.9

Action                   || total
-------------------------++-------
Melee: Unarmed           ||   116
       Headbutt          ||     8
 Cast: Beastly Appendage ||    14
       Sticks to Snakes  ||     4
  Use: Scroll            ||     2
       Potion            ||     1
 Stab: Sleeping          ||     1
  Eat: Chunk             ||     3
Armor: Robe              ||    17
Dodge: Dodged            ||    66
